 Dungeon Crawl Stone Soup version 0.21.1-1-g345015f (webtiles) character file.

388 Kuinu the Slasher (level 6, 0/56 HPs)
             Began as a Minotaur Fighter on July 18, 2018.
             Was a Follower of Okawaru.
             Succumbed to a worker ant's poison
             ... on level 6 of the Dungeon.
             The game lasted 00:13:34 (2788 turns).

Kuinu the Slasher (Minotaur Fighter)                Turns: 2788, Time: 00:13:35

Health: 0/56       AC: 13    Str: 23    XL:     6   Next: 49%
Magic:  3/5        EV: 11    Int: 10    God:    Okawaru [*.....]
Gold:   155        SH: 12    Dex:  9    Spells: 5/5 levels left

rFire    . . .     SeeInvis .   a - +0 long sword
rCold    . . .     Gourm    .   c - +0 shield
rNeg     . . .     Faith    .   C - +0 chain mail
rPois    .         Spirit   .   (helmet restricted)
rElec    .         Reflect  .   (no cloak)
rCorr    .         Harm     .   D - +0 pair of gloves
MR       .....                  (no boots)
Stlth    ..........             E - amulet of rage
HPRegen  0.18/turn              y - +2 ring of evasion
MPRegen  0.09/turn              (no ring)

@: brilliant, lethally poisoned (0 -> -8), heroism, berserk cooldown, flying
A: retaliatory headbutt, horns 2
a: Heroism, Renounce Religion, Evoke Berserk Rage


You were on level 6 of the Dungeon.
You worshipped Okawaru.
Okawaru was aware of your devotion.
You were not hungry.

You visited 1 branch of the dungeon, and saw 6 of its levels.

You collected 155 gold pieces.

Inventory:

Hand Weapons
 a - a +0 long sword (weapon)
 g - a +0 falchion
 n - a +0 dagger
 o - a +0 hunting sling
 p - a +0 falchion
 F - a +0 falchion
Armour
 b - a +0 scale mail
 c - a +0 shield (worn)
 u - a +2 robe of resistance
 C - a +0 chain mail (worn)
 D - a +0 pair of gloves (worn)
Jewellery
 y - a +2 ring of evasion (left hand)
 E - an amulet of rage (around neck)
Scrolls
 e - 2 scrolls of remove curse
 l - 2 scrolls of teleportation
 r - a scroll of fog
 s - a scroll of enchant armour {unknown}
 z - 2 scrolls of enchant weapon {unknown}
 A - a scroll of magic mapping {unknown}
Potions
 d - 2 potions of might
 h - 3 potions of brilliance
 j - a potion of berserk rage {unknown}
 k - a potion of ambrosia {unknown}
 m - a potion of cancellation {unknown}
 q - 2 potions of heal wounds {unknown}
 t - a potion of experience {unknown}
 x - a potion of curing {unknown}
Books
 w - a book of Changes

   Spells                             Type                      Level
   a - Beastly Appendage              Transmutation                1
   b - Sticks to Snakes               Transmutation                2
   c - Spider Form                    Transmutation/Poison         3
   d - Ice Form                       Ice/Transmutation            4
   e - Blade Hands                    Transmutation                5
Comestibles
 f - 3 rations
 v - 3 chunks of flesh


   Skills:
 + Level 5.0(10.0) Fighting
 * Level 5.5(10.5) Long Blades
 + Level 5.1(10.1) Armour
 + Level 5.2(10.2) Shields


You had 5 spell levels left.
You didn't know any spells.

Dungeon Overview and Level Annotations

Branches:
Dungeon (6/15)             Temple (0/1) D:4

Altars:
Ashenzari
Okawaru


Innate Abilities, Weirdness & Mutations

You reflexively headbutt those who attack you in melee.
You have a pair of horns on your head.


Message History

There is a stone staircase leading down here.
You feel yourself speed up.
* * * LOW HITPOINT WARNING * * *
You feel sick.
The worker ant bites you but does no damage.
You climb downwards.
* * * LOW HITPOINT WARNING * * *
You feel sick.
There is a stone staircase leading up here.
You gain the combat prowess of a mighty hero.
* * * LOW HITPOINT WARNING * * *
You feel sick. You block the worker ant's attack. x2
It was a potion of brilliance.
You feel clever all of a sudden.
* * * LOW HITPOINT WARNING * * *
You feel sick. You block the worker ant's attack.
It was a potion of flight.
You feel very buoyant.
You fly up into the air.
You die...

## ..
#####.########.
.......@.......
......a#######.
....... .......
####... ....
##..# #..


You could see a worker ant.

Vanquished Creatures
  An ogre (D:5)
  A scorpion (D:4)
  Jessica (D:3)
  9 gnolls
  4 adders
  6 worms
  A dart slug (D:2)
  2 leopard geckos
  5 orcs (D:3)
  A ball python (D:1)
  10 giant cockroaches
  7 goblins
  10 hobgoblins
  5 jackals
  5 kobolds
  7 bats
  6 frilled lizards
  7 rats
88 creatures vanquished.

Notes
Turn   | Place    | Note
-------+----------+-------------------------------------------
     0 | D:1      | Kuinu the Minotaur Fighter began the quest for the Orb.
     0 | D:1      | Reached XP level 1. HP: 19/19 MP: 0/0
    79 | D:1      | Found an iron altar of Okawaru.
    99 | D:1      | Became a worshipper of Warmaster Okawaru
   182 | D:1      | Reached XP level 2. HP: 25/27 MP: 1/1
   802 | D:2      | Reached XP level 3. HP: 33/33 MP: 2/2
  1007 | D:2      | Found a faded altar of an unknown god.
  1029 | D:2      | Found a shattered altar of Ashenzari.
  1437 | D:2      | Reached XP level 4. HP: 26/40 MP: 3/3
  1618 | D:3      | Noticed Jessica
  1622 | D:3      | Killed Jessica
  1670 | D:3      | Reached XP level 5. HP: 44/47 MP: 4/4
  1674 | D:3      | Reached * piety under Okawaru
  2626 | D:4      | Found a staircase to the Ecumenical Temple.
  2670 | D:4      | Reached skill level 5 in Long Blades
  2670 | D:4      | Reached skill level 5 in Shields
  2670 | D:4      | Reached XP level 6. HP: 40/55 MP: 5/5
  2707 | D:4      | Reached skill level 5 in Armour
  2751 | D:5      | Entered Level 5 of the Dungeon
  2766 | D:5      | Reached skill level 5 in Fighting
  2786 | D:6      | HP: 2/56 [poisoned by a worker ant]
  2788 | D:6      | Succumbed to a worker ant's poison

Skill      XL: |  1  2  3  4  5  6 |
---------------+-------------------+-----
Shields        | 4 5 |  5.2
Long Blades    | 3 4 5 |  5.5
Armour         | 4 5 |  5.1
Fighting       | 4 5 |  5.0

Action                   |  1- 3 |  4- 6 || total
-------------------------+-------+-------++-------
Melee: Long sword        |   109 |   123 ||   232
       Headbutt          |    19 |    28 ||    47
Invok: Heroism           |       |     2 ||     2
 Abil: Evoke Berserk Rag |       |     1 ||     1
  Use: Scroll            |       |     6 ||     6
       Potion            |       |     2 ||     2
  Eat: Chunk             |     1 |     3 ||     4
       Ration            |     1 |       ||     1
Armor: Scale mail        |    46 |    18 ||    64
       Chain mail        |       |    33 ||    33
Dodge: Dodged            |    35 |    40 ||    75
Block: Shield            |    70 |    92 ||   162
       Rpst.: Long sword |     9 |    10 ||    19
